 Dungeon Crawl Stone Soup version bcrawl-1.38.2 (webtiles) character file.

Game seed: 17699156696990367791

138727 Mehrunes the Insei (level 5, -7/41 HPs)
             Began as a High Elf Transmuter on Apr 29, 2023.
             Mangled by Menkaure (21 damage)
             ... on level 4 of the Dungeon.
             The game lasted 00:09:34 (3486 turns).

Mehrunes the Insei (High Elf Transmuter)            Turns: 3486, Time: 00:09:35

Health: -7/41      AC:  4    Str: 10    XL:     5   Next: 80%
Magic:  10/10      EV: 13    Int: 16    God:
Gold:   272        SH:  0    Dex: 15    Spells: 0/10 levels left

rFire    . . .     GDR:     27%   - Fists (8.0)
rCold    . . .     SeeInvis .   (no shield)
rNeg     . . .     Gourm    .   b - +0 robe
rPois    +         Faith    .   s - +0 helmet
rElec    .         Spirit   .   (no cloak)
rCorr    .         Reflect  .   r - +0 pair of gloves
MR       .....                  (boots currently unavailable)
Stlth    +++.......             (no amulet)
HPRegen  0.16/turn              j - ring of stealth
MPRegen  0.12/turn              t - ring of poison resistance

@: appendage
A: obsessive focus, talons 3, MP-powered wands
a: End Transformation


You were on level 4 of the Dungeon.
You were hungry.
You had grown temporary talons.
You visited 1 branch of the dungeon, and saw 4 of its levels.

You collected 272 gold pieces.

Inventory:

Hand Weapons
 l - a +2 hunting sling of velocity
Missiles
 a - 318 arrows
Armour
 b - a +0 robe (worn)
 r - a +0 pair of gloves (worn)
 s - a +0 helmet (worn)
Jewellery
 j - a ring of stealth (left hand)
 t - a ring of poison resistance (right hand)
Wands
 q - a wand of flame (3)
Scrolls
 c - a scroll of enchant armour
 g - a scroll of magic mapping
 i - 2 scrolls of identify
 o - 2 scrolls of enchant weapon {unknown}
 v - a scroll of blinking
Potions
 d - 2 potions of lignification
 f - a potion of mutation {unknown}
 h - a potion of curing {unknown}
 k - 2 potions of heal wounds {unknown}
 m - a potion of berserk rage {unknown}
 n - a potion of brilliance {unknown}
 p - 2 potions of haste {unknown}
 u - a potion of might
 w - a potion of flight {unknown}
 x - a potion of agility {unknown}
Comestibles
 e - 6 rations {!d}


   Skills:
 - Level 3.0 Fighting
 - Level 3.0 Dodging
 + Level 4.7 Unarmed Combat
 - Level 3.0 Spellcasting
 + Level 4.0 Transmutations


You couldn't memorise any spells.
You knew the following spells:

 Your Spells              Type           Power        Failure   Level  Hunger
a - Beastly Appendage     Tmut           ###...       3%          1    None
b - Spider Form           Tmut/Pois      #..          24%         3    ####...
c - Sticks to Snakes      Tmut           ###.....     5%          2    #......
d - Ice Form              Ice/Tmut       #.......     63%         4    #####..

Your spell library contained the following spells:

 Spells                   Type           Power        Failure   Level  Hunger
 Passwall                 Tmut/Erth      #.......     12%         2    #......
 Blade Hands              Tmut           ###.......   69%         5    ######.


Dungeon Overview and Level Annotations

Branches:
Dungeon (4/12)
 Temple: D:4-7

Altars:
Yredelemnul
Zin

Annotations:
D:4 Edmund, Eustachio, Menkaure


Innate Abilities, Weirdness & Mutations

You can't train low skills.
You expend magic power (3 MP) to strengthen your wands.
You have claws for feet.


Message History

Menkaure is moderately damaged.
Menkaure barely misses you.
You hit Menkaure.
Menkaure is heavily damaged.
Menkaure calls on the powers of darkness!
Your body is wracked with pain!
You hit Menkaure.
Menkaure is heavily damaged.
Menkaure hits you.
You hit Menkaure.
Menkaure is severely damaged.
Menkaure barely misses you.
You hit Menkaure but do no damage.
Menkaure is severely damaged.
Menkaure closely misses you.
You hit Menkaure but do no damage.
Menkaure is severely damaged.
Menkaure hits you!!
Ouch! That really hurt!
You die...

..# ...#..
%.... ....
#.. .
#.######...
#..#......$
#.@M..#
##.#####
#..# #.##
##.# #.##
#.# ##.# ##
#.##


You could see Menkaure.

Vanquished Creatures
  A bullfrog skeleton (D:4)
  An orc wizard (D:3)
  Natasha (D:4)
  Robin (D:3)
  3 adders
  A shadow imp (D:4)
  An adder skeleton (D:3)
  5 worms
  3 dart slugs
  3 leopard geckos
  6 orcs
  4 giant cockroaches
  9 hobgoblins (D:3)
  12 kobolds
  3 quokkas
  5 bats
  4 frilled lizards
  12 goblins
  A quokka skeleton (D:4)
  9 rats
85 creatures vanquished.

Notes
Turn   | Place    | Note
-------+----------+-------------------------------------------
     0 | D:1      | Mehrunes the High Elf Transmuter began the quest for the
                  | Orb.
     0 | D:1      | Reached XP level 1. HP: 15/15 MP: 4/4
   187 | D:1      | Reached XP level 2. HP: 20/21 MP: 4/6
   827 | D:1      | Reached XP level 3. HP: 12/26 MP: 7/7
  1282 | D:2      | Found a basalt altar of Yredelemnul.
  2035 | D:3      | Noticed Robin
  2316 | D:2      | Reached XP level 4. HP: 30/33 MP: 6/8
  2422 | D:3      | Killed Robin
  2680 | D:3      | Found a glowing silver altar of Zin.
  2726 | D:3      | Reached XP level 5. HP: 17/38 MP: 8/10
  3135 | D:4      | Noticed Eustachio
  3135 | D:4      | Noticed Edmund
  3318 | D:4      | Learned a level 3 spell: Spider Form
  3321 | D:4      | Learned a level 2 spell: Sticks to Snakes
  3326 | D:4      | Learned a level 4 spell: Ice Form
  3453 | D:4      | Noticed Natasha
  3461 | D:4      | Killed Natasha
  3470 | D:4      | Noticed Menkaure
  3486 | D:4      | Mangled by Menkaure

Skill      XL: |  1  2  3  4  5 |
---------------+----------------+-----
Transmutations | 3 4 |  4.0
Unarmed Combat | 4 |  4.7
Fighting       | 2 3 |  3.0
Spellcasting   | 3 |  3.0
Dodging        | 3 |  3.0

Action                   |  1- 3 |  4- 6 || total
-------------------------+-------+-------++-------
Melee: Unarmed           |   158 |   119 ||   277
       Kick              |    15 |    22 ||    37
       Headbutt          |     3 |     6 ||     9
       Punch             |       |     2 ||     2
 Cast: Beastly Appendage |    26 |    21 ||    47
  Use: Scroll            |     6 |       ||     6
 Stab: Sleeping          |     3 |     2 ||     5
  Eat: Chunk             |     8 |     6 ||    14
Armor: Robe              |    23 |    25 ||    48
Dodge: Dodged            |    78 |    68 ||   146
